 Dungeon Crawl Stone Soup version 0.23.2-33-g5129a83184 (webtiles) character file.

Game seed: 8475940443463530216

168 Felnil the Skirmisher (level 5, -7/43 HPs)
             Began as a Mummy Abyssal Knight on Aug 8, 2019.
             Was a Believer of Lugonu.
             Killed from afar by a dream sheep (44 damage)
             ... with an exploding inner flame
             ... on level 3 of the Dungeon.
             The game lasted 00:06:54 (2266 turns).

Felnil the Skirmisher (Mummy Abyssal Knight)        Turns: 2266, Time: 00:06:54

Health: -7/43      AC:  9    Str: 16    XL:     5   Next: 23%
Magic:  0/6        EV:  7    Int: 11    God:    Lugonu [**....]
Gold:   162        SH:  0    Dex: 12    Spells: 4/4 levels left

rFire    x . .     SeeInvis .   a - +1 hand axe
rCold    + . .     Gourm    .   (no shield)
rNeg     + + +     Faith    .   f - +0 chain mail
rPois    ∞         Spirit   +   (no helmet)
rElec    .         Reflect  .   c - scarf {Spirit}
rCorr    .         Harm     .   (no gloves)
MR       .....                  (no boots)
Stlth    ..........             (no amulet)
HPRegen  0.14/turn              (no ring)
MPRegen  0.10/turn              (no ring)

@: no status effects
A: no food or potions, fire vulnerability, cold resistance 1, negative energy
resistance 3, torment resistance, unbreathing
a: Depart the Abyss, Bend Space, Renounce Religion


You were on level 3 of the Dungeon.
You worshipped Lugonu.
Lugonu was pleased with you.
You were not hungry.

You visited 1 branch of the dungeon, and saw 3 of its levels.
You visited the Abyss 1 time.

You collected 162 gold pieces.

Inventory:

Hand Weapons
 a - a +1 hand axe (weapon)
Armour
 c - a scarf of spirit shield (worn)
 f - a +0 chain mail (worn)
Jewellery
 i - a cursed -2 ring of protection {unknown}
Wands
 h - a wand of acid (6)
 j - a wand of flame (22)
Scrolls
 b - 2 scrolls of fear {unknown}
 d - a scroll of enchant weapon {unknown}
 e - 3 scrolls of identify {unknown}
 g - a scroll of remove curse {unknown}


   Skills:
 + Level 4.7 Fighting
 - Level 1.5 Axes
 + Level 3.3 Armour
 - Level 0.7 Dodging
 - Level 1.5 Invocations


You had 4 spell levels left.
You didn't know any spells.
Your spell library was empty.

Dungeon Overview and Level Annotations

Branches:
Dungeon (3/15)

Altars:
Ashenzari
Gozag
Trog
Xom


Innate Abilities, Weirdness & Mutations

You do not eat or drink.
Your flesh is vulnerable to fire.
You are immune to poison.
Your flesh is cold resistant. (rC+)
You are immune to negative energy. (rN+++)
You are immune to unholy pain and torment.
You can survive without breathing.


Message History

Your attack snaps the dream sheep out of its fear.
You completely miss the dream sheep.
The dream sheep burns! x10
The dream sheep bites you but does no damage.
The dream sheep closely misses you.
You completely miss the dream sheep.
The dream sheep is severely wounded.
You hit the dream sheep.
The dream sheep burns!
The dream sheep explodes!
The dream sheep burns! x4; The dream sheep bites you!
The dream sheep barely misses you.
You hear a shout! x2
The dream sheep burns! x4
The dream sheep explodes!
The fiery explosion engulfs the dream sheep!!!
The dream sheep explodes!
You have reached level 5!
You feel agile. The fiery explosion engulfs you!!! The fire burns you terribly!
Ouch! That really hurt!
You die...

. ..##########
...........
...§.§.Y..#
...§§§....#
#..§§§....#
#....§§§@.# ######
#....§§§§.###.......
#....§§§§.##........
#....................#
#..Y..................
..#######.............
#.....................
#.######............#
.##### ####.........#


You could see 2 dream sheep.

Vanquished Creatures
  5 adders
  2 oozes
  A worm (D:2)
  A dart slug (D:1)
  5 leopard geckos
  An orc (D:3)
  9 bats
  2 giant cockroaches
  10 goblins
  5 hobgoblins
  A quokka (D:2)
  5 frilled lizards
  5 kobolds
  12 rats
64 creatures vanquished.

Vanquished Creatures (others)
  2 dream sheep (D:3)
2 creatures vanquished.

Grand Total: 66 creatures vanquished

Notes
Turn   | Place    | Note
-------+----------+-------------------------------------------
     0 | Abyss:1  | Felnil the Mummy Abyssal Knight began the quest for the
                  | Orb.
     0 | Abyss:1  | Reached XP level 1. HP: 18/18 MP: 2/2
    14 | D:1      | Escaped the Abyss
   534 | D:1      | Found a shattered altar of Ashenzari.
   537 | D:1      | Reached XP level 2. HP: 24/24 MP: 3/3
   932 | D:1      | Reached XP level 3. HP: 29/29 MP: 4/4
  1039 | D:1      | Reached ** piety under Lugonu
  1109 | D:2      | Reached skill level 4 in Fighting
  1123 | D:2      | Found an opulent altar of Gozag.
  1325 | D:2      | Reached XP level 4. HP: 28/37 MP: 3/5
  1444 | D:2      | Found a shattered altar of Ashenzari.
  2182 | D:3      | Found a bloodstained altar of Trog.
  2262 | D:3      | Noticed a dream sheep
  2262 | D:3      | Noticed a dream sheep
  2262 | D:3      | Noticed a dream sheep
  2262 | D:3      | Noticed a dream sheep
  2262 | D:3      | Noticed a dream sheep
  2262 | D:3      | Found a shimmering altar of Xom.
  2265 | D:3      | Killed a dream sheep
  2266 | D:3      | Killed a dream sheep
  2266 | D:3      | Killed a dream sheep
  2266 | D:3      | Reached XP level 5. HP: 37/43 MP: 4/6
  2266 | D:3      | Killed from afar by a dream sheep

Skill      XL: |  1  2  3  4 |
---------------+-------------+-----
Armour         | 2 3 |  3.3
Fighting       | 4 |  4.7
Axes           | |  1.5
Dodging        | |  0.7
Invocations    | |  1.5

Action                   |  1- 3 |  4- 6 || total
-------------------------+-------+-------++-------
Melee: Hand axe          |   111 |    92 ||   203
Armor: Leather armour    |    17 |       ||    17
       Chain mail        |    61 |    61 ||   122
Dodge: Dodged            |    86 |    31 ||   117
